 Dungeon Crawl Stone Soup version 0.17-a0-1798-g879a7aa (webtiles) character file.

69 hexophile the Charlatan (level 4, -10/21 HPs)
             Began as a Spriggan Artificer on Sept 10, 2015.
             Hit by a tomahawk thrown by an orc warrior (19 damage)
             ... on level 6 of the Dungeon.
             The game lasted 00:01:46 (350 turns).

hexophile the Charlatan (Spriggan Artificer)         Turns: 350, Time: 00:01:46

Health: -10/21     AC:  2    Str:  8    XL:     4   Next: 2%
Magic:  8/8        EV: 19    Int: 13    God:
Gold:   8          SH:  0    Dex: 16    Spells: 0 memorised, 3 levels left

rFire  . . .     SeeInvis +     a - +0 short sword
rCold  . . .     Clarity  .     b - +0 robe
rNeg   . . .     SustAt   .     (shield restricted)
rPois  .         Gourm    .     (helmet restricted)
rElec  .         Spirit   .     (no cloak)
rCorr  .         Warding  .     (gloves unavailable)
rMut   .         Stasis   .     (boots unavailable)
MR     .....                    (no amulet)
Stlth  +++.......               (no ring)
                                (no ring)

@: very quick, not resistant to hostile enchantments, fairly stealthy
A: unfitting armour, see invisible, herbivore 3, speed 3, slow metabolism 2
a: no special abilities


You were on level 6 of the Dungeon.
You were not hungry.

You visited 1 branch of the dungeon, and saw 6 of its levels.

You collected 8 gold pieces.

Inventory:

Hand weapons
 a - a +0 short sword (weapon)
Armour
 b - a +0 robe (worn)
Magical devices
 c - a wand of flame (15)
 d - a wand of enslavement (14)
 e - a wand of random effects (14)
 i - a wand of hasting (5)
Scrolls
 h - 4 scrolls of identify
Potions
 g - 2 potions of flight {unknown}
 j - a potion of lignification {unknown}
Comestibles
 f - a bread ration


   Skills:
 - Level 0.7 Fighting
 - Level 1.1 Short Blades
 * Level 4.4 Dodging
 * Level 3.5 Stealth
 * Level 5.0 Evocations


You had 3 spell levels left.
You didn't know any spells.

Dungeon Overview and Level Annotations

Branches:
Dungeon (6/15)
 Temple: D:4-7

Altars:
Xom


Innate Abilities, Weirdness & Mutations

You are tiny and cannot use many weapons and most armour.
You have supernaturally acute eyesight.
You are a herbivore.
You cover ground extremely quickly.
You need consume almost no food.


Message History

You climb downwards.
A shadow imp comes into view.
There is a stone staircase leading up here.
Found a scroll of identify.
The shadow imp gestures at you. Pain shoots through your body!
Ouch! That really hurt!
An orc warrior and an orc priest come into view.
You see here a scroll of identify.
The orc priest shouts!
Evoke which item? (* to show all) (? for menu, Esc to quit)
Zapping:
d - a wand of enslavement (15)
Press: ? - help, Shift-Dir - straight line, f - orc priest
Aim: an orc priest (chance to defeat MR: 56%)
The orc priest is charmed.
This wand has 14 charges left.
The orc warrior shouts!
Something misses your orc priest.
The orc warrior throws a tomahawk.
The tomahawk hits you!!
Ouch! That really hurt!
You die...

#.# #.# #.# ####.#.
#.##.#.### #
#########.##.# ..# .#
.......@..##.###.#..##.#
#......##.#..5..<......#
+.......?.5.............
#.......#...............
........################
........ ......o.
.####... ####


You could see an orc warrior and a shadow imp.

Vanquished Creatures
  Blork the orc (D:5)
  A bat (D:3)
  A giant newt (D:4)
3 creatures vanquished.

Notes
Turn   | Place    | Note
--------------------------------------------------------------
     0 | D:1      | hexophile the Spriggan Artificer began the quest for the Orb.
     0 | D:1      | Reached XP level 1. HP: 9/9 MP: 4/4
    84 | D:3      | Found a shimmering altar of Xom.
    86 | D:3      | Found a shimmering altar of Xom.
    96 | D:3      | Found a shimmering altar of Xom.
    96 | D:3      | Found a shimmering altar of Xom.
   241 | D:5      | Entered Level 5 of the Dungeon
   241 | D:5      | Noticed Blork the orc
   245 | D:5      | Killed Blork the orc
   245 | D:5      | Reached skill level 5 in Evocations
   245 | D:5      | Reached XP level 2. HP: 12/14 MP: 4/6
   245 | D:5      | Reached XP level 3. HP: 14/17 MP: 4/7
   245 | D:5      | Reached XP level 4. HP: 17/21 MP: 4/8
   286 | D:5      | Noticed an ogre
   345 | D:6      | Noticed an orc warrior
   350 | D:6      | Hit by a tomahawk thrown by an orc warrior

Vault maps used:
D:1:      lightli_arrival_quake
D:2:      lemuel_doored_altar, first_bread, ecumenical_altar_2,
          nemelex_dance_club_becter
D:3:      xom_redecorated, portal_sewer_entry_a, minmay_bisected
D:4:      nicolae_overflow_hidden_temple, serial_shops, shop, uniq_robin
D:5:      elyvilon_altar_1, minmay_temple_entry_junction, basic_altar,
          uniq_prince_ribbit1, uniq_blork_the_orc

Action                   |  1- 3 |  4- 6 || total
-------------------------+-------+-------++-------
Melee: Short sword       |    11 |       ||    11
Evoke: Wand              |       |     2 ||     2
  Use: Scroll            |       |     1 ||     1
 Stab: Sleeping          |     2 |       ||     2
